 Dungeon Crawl Stone Soup version 0.31-a0-214-gb37851dbb3 (webtiles) character file.

Game seed: 10966585144578190702

97 qw the Shooter (level 4, -3/26 HPs)
             Began as a Gargoyle Hexslinger on July 1, 2023.
             Slain by a black bear (5 damage)
             ... on level 3 of the Dungeon.
             The game lasted 00:00:58 (2101 turns).

qw the Shooter (Gargoyle Hexslinger)                Turns: 2101, Time: 00:00:58

Health: -3/26      AC: 10    Str: 12    XL:     4   Next: 68%
Magic:  5/5        EV: 10    Int: 13    God:
Gold:   85         SH:  0    Dex: 14    Spells: 4/5 levels left

rFire   . . .        Y - +1 sling
rCold   . . .        (no shield)
rNeg    + . .        h - +0 ring mail
rPois   inf          (no helmet)
rElec   +            e - +0 cloak
rCorr   .            c - +0 pair of gloves
SInv    .            (no boots)
Will    .....        (no amulet)
Stlth   +            (no ring)
HPRegen 0.24/turn    (no ring)
MPRegen 0.09/turn

%: no passive effects
@: no status effects
A: sickness immunity, AC +3, negative energy resistance 1, electricity
resistance, torment resistance 1, petrification resistance
a: no special abilities


You were on level 3 of the Dungeon.
You visited 1 branch of the dungeon, and saw 3 of its levels.

You collected 85 gold pieces.


Innate Abilities, Weirdness & Mutations

You are immune to sickness and miasma.
Your stone body is resilient. (AC +3)
You are immune to poison.
You resist negative energy. (rN+)
You are resistant to electric shocks. (rElec)
You are resistant to unholy torment.
You are immune to petrification.


   Skills:
 - Level 2.1 Fighting
 + Level 4.1 Ranged Weapons
 - Level 1.0 Armour
 - Level 1.5 Dodging
 - Level 1.0 Spellcasting
 - Level 2.6 Hexes


You had 4 spell levels left.
You knew the following spells:

 Your Spells              Type           Power      Damage    Failure   Level
a - Slow                  Hex            28%        N/A       22%         1

Your spell library contained the following spells:

 Spells                   Type           Power      Damage    Failure   Level
 Inner Flame              Hex/Fire       4%         N/A       73%         3
 Portal Projectile        Hex/Tloc       8%         N/A       73%         3
 Cause Fear               Hex            3%         N/A       91%         4

Inventory:

Hand Weapons
 Y - a +1 sling (weapon)
Armour
 c - a +0 pair of gloves (worn)
 e - a +0 cloak (worn)
 h - a +0 ring mail (worn)
Jewellery
 g - an amulet of guardian spirit
Scrolls
 a - 5 scrolls of identify
 f - a scroll of immolation {unknown}
 j - a scroll of enchant armour {unknown}
Potions
 b - a potion of degeneration {unknown}
 d - a potion of resistance
 i - a potion of magic {unknown}

Dungeon Overview and Level Annotations

Branches:
Dungeon (3/15)

Altars:
Ashenzari

Shops:
D:1 :[::


Message History

You shoot a sling bullet. The sling bullet hits the black bear.
The black bear is moderately wounded.
The black bear barely misses you.
The black bear claws you but does no damage.
The black bear barely misses you.
You shoot a sling bullet.
The sling bullet barely misses the black bear.
The black bear bites you. The black bear closely misses you.
The black bear barely misses you. The black bear bites you.
The black bear claws you but does no damage. x2
You shoot a sling bullet. The sling bullet hits the black bear.
The black bear is moderately wounded.
The black bear closely misses you. The black bear claws you. x2
You shoot a sling bullet.
The sling bullet closely misses the black bear.
The black bear bites you!
The black bear claws you but does no damage.
The black bear barely misses you.
You shoot a sling bullet.
The sling bullet hits the black bear but does no damage.
The black bear is moderately wounded.
The black bear bites you. The black bear claws you.
The black bear closely misses you. The black bear misses you.
The black bear claws you but does no damage. x2
You shoot a sling bullet.
The sling bullet hits the black bear but does no damage.
The black bear is moderately wounded.
The black bear bites you but does no damage.
The black bear barely misses you.
The black bear claws you but does no damage.
You shoot a sling bullet. The sling bullet hits the black bear.
The black bear is moderately wounded.
The black bear barely misses you. The black bear closely misses you.
The black bear claws you but does no damage.
You shoot a sling bullet.
The sling bullet hits the black bear but does no damage.
The black bear is moderately wounded.
The black bear bites you. The black bear completely misses you.
The black bear claws you. The black bear bites you.
You die...

######## #..#
#......# #.(^
#.####.# #.##
#######.#....###.##
#..............%.##
#.#####.#..#..#....
#######.###
#...###...###
..........#
####.#%.#.#
....#...@.#
##.#.#.#
........h.# #.#.#.#
....#...%.# .....#.
...##......
##.#(### # ###
###.#..) #.#<. #
#.#.... ..#...
#.#..... ####..# ..
...... .#


You could see a black bear.

Vanquished Creatures
  4 adders
  A worm (D:3)
  A dart slug (D:1)
  2 ball pythons
  6 bats
  4 endoplasms
  6 giant cockroaches
  3 goblins
  5 hobgoblins
  3 jackals (D:3)
  8 kobolds
  4 quokkas
  3 frilled lizards
  4 rats (D:2)
54 creatures vanquished.

Notes
Turn   | Place    | Note
-------+----------+-------------------------------------------
     0 | D:1      | qw the Gargoyle Hexslinger began the quest for the Orb.
     0 | D:1      | Reached XP level 1. HP: 12/12 MP: 2/2
     0 | D:1      | 0 ||| qw: Version: 0.3-a-32-g5962c71
     0 | D:1      | 0 ||| qw: Game counter: 7401
     0 | D:1      | 0 ||| qw: Melee chars always use a shield: true
     0 | D:1      | 0 ||| qw: God list: Okawaru
     0 | D:1      | 0 ||| qw: Allow faded altars: false
     0 | D:1      | 0 ||| qw: Do Orc after clearing Dungeon:15 true
     0 | D:1      | 0 ||| qw: Do second Lair branch before Depths: true
     0 | D:1      | 0 ||| qw: Lair rune preference: random
     0 | D:1      | 0 ||| qw: Goals: Normal
     0 | D:1      | 0 ||| PLANNING D:1-11
    38 | D:1      | Found Qeryehis's Antique Armour Emporium.
    45 | D:1      | 45 ||| SHOPLISTING embroidered robe (88 gold, have 0).
    45 | D:1      | 45 ||| SHOPLISTING leather armour (48 gold, have 0).
    45 | D:1      | 45 ||| SHOPLISTING ring mail (96 gold, have 0).
    72 | D:1      | Found Zeryn's Book Boutique.
   106 | D:1      | Found Ydipen's Book Shop.
   231 | D:1      | Reached XP level 2. HP: 16/16 MP: 3/3
   297 | D:1      | Found Viynawoje's Book Emporium.
   463 | D:1      | Reached skill level 3 in Ranged Weapons
   848 | D:1      | 848 ||| UPGRADING to +0 ring mail.
   858 | D:1      | 858 ||| DROPPING +0 robe.
   859 | D:1      | 859 ||| READING 5 scrolls labelled OBUQODDOIDA.
   860 | D:1      | 860 ||| READING scroll labelled URAYSO GOTUFI.
   863 | D:1      | 863 ||| READING scroll labelled FESEEV VUAHYL.
   876 | D:1      | 876 ||| READING scroll labelled KOPICW SOAT UMI.
   877 | D:1      | 877 ||| READING 4 scrolls of identify.
   877 | D:1      | 877 ||| IDENTIFYING amethyst potion
   878 | D:1      | 878 ||| READING 3 scrolls of identify.
   878 | D:1      | 878 ||| IDENTIFYING bubbling ruby potion
   879 | D:1      | 879 ||| DROPPING scroll of poison.
   880 | D:1      | 880 ||| DROPPING potion of attraction.
   993 | D:2      | Reached XP level 3. HP: 18/21 MP: 4/4
  1293 | D:2      | Found a broken altar of Ashenzari.
  1597 | D:2      | 1597 ||| UPGRADING to +0 pair of gloves.
  1602 | D:2      | 1602 ||| UPGRADING to +0 cloak.
  1607 | D:2      | 1607 ||| READING 3 scrolls labelled VERITH HESSOHA.
  1608 | D:2      | 1608 ||| READING 6 scrolls of identify.
  1608 | D:2      | 1608 ||| IDENTIFYING golden potion
  1609 | D:2      | 1609 ||| DROPPING 2 scrolls of fear.
  1635 | D:3      | 1635 ||| STAIRDANCE
  1655 | D:3      | 1655 ||| STAIRDANCE
  1659 | D:2      | Reached skill level 1 in Armour
  1659 | D:2      | Reached XP level 4. HP: 22/26 MP: 5/5
  1908 | D:3      | HP: 4/26 [worm (3)]
  1909 | D:3      | 1909 ||| DRINKING potion of heal wounds.
  1911 | D:3      | Reached skill level 4 in Ranged Weapons
  2088 | D:3      | Noticed a black bear
  2098 | D:3      | HP: 3/26 [black bear (4)]
  2101 | D:3      | Slain by a black bear

Levels and vault maps discovered:
D:1:      dpeg_arrival_oval, layout_basic, serial_shops,
          nicolae_shop_hallway_plus, shop, shop_fountains, shop
D:2:      layout_loops_ring, basic_altar, serial_bayou_crossing
D:3:      layout_loops_cross

Skill      XL: |  1  2  3  4 |
---------------+-------------+-----
Ranged Weapons | 3 4 |  4.1
Fighting       | 2 |  2.1
Armour         | 1 |  1.0
Dodging        | |  1.5
Spellcasting   | |  1.0
Hexes          | |  2.6

Action                     |  1- 3 |  4- 6 || total
---------------------------+-------+-------++-------
   Fire: Sling             |   129 |   103 ||   232
    Use: Scroll            |     8 |       ||     8
         Potion            |       |     1 ||     1
 Armour: Robe              |     4 |       ||     4
         Ring mail         |    62 |    40 ||   102
  Dodge: Dodged            |    57 |    65 ||   122

Table legend:
 A = Non-vault XP
 B = Vault XP
 C = Vault XP percentage of total XP
 D = Non-vault monster count
 E = Vault monster count
 F = Vault count percentage of total count
                 A         B        C        D         E       F
            +---------+---------+-------+---------+---------+-------
      Total |     139 |       0 |   0.0 |      54 |       0 |   0.0
            +---------+---------+-------+---------+---------+-------
        D:1 |      23 |       0 |   0.0 |      11 |       0 |   0.0
        D:2 |      66 |       0 |   0.0 |      22 |       0 |   0.0
        D:3 |      50 |       0 |   0.0 |      21 |       0 |   0.0
            +---------+---------+-------+---------+---------+-------
